 Dungeon Crawl Stone Soup version 0.29-a0-82-g837932c90e (webtiles) character file.

Game seed: 9930332933129110377

130 siradein the Cudgeller (level 4, -5/45 HPs)
             Began as a Troll Berserker on Feb 4, 2022.
             Was a Believer of Trog.
             Slain by a gnoll (8 damage)
             ... on level 2 of the Dungeon.
             The game lasted 00:03:33 (1929 turns).

siradein the Cudgeller (Troll Berserker)            Turns: 1929, Time: 00:03:34

Health: -5/45      AC:  4    Str: 25    XL:     4   Next: 89%
Magic:  3/3        EV: 10    Int:  3    God:    Trog [**....]
Gold:   162        SH:  0    Dex: 11    Spells: 3/3 levels left

rFire   . . .      SeeInvis .   j - +0 quarterstaff
rCold   . . .      Faith    .   (shield currently unavailable)
rNeg    . . .      Spirit   .   b - +0 animal skin
rPois   .          Reflect  .   (helmet restricted)
rElec   .          Harm     .   (no cloak)
rCorr   .          Rampage  .   (gloves unavailable)
Will    .....                   (boots unavailable)
Stlth   +.........              (no amulet)
HPRegen 0.95/turn               (no ring)
MPRegen 0.08/turn               (no ring)

@: no status effects
A: large, unfitting armour, claws 3, regeneration 1, shaggy fur 1, tough skin 1
a: Renounce Religion, Berserk, Trog's Hand


You were on level 2 of the Dungeon.
You worshipped Trog.
Trog was pleased with you.
You visited 1 branch of the dungeon, and saw 3 of its levels.

You collected 162 gold pieces.

Inventory:

Hand Weapons
 j - a +0 quarterstaff (weapon)
Missiles
 k - 5 javelins (quivered)
 o - 3 silver javelins
Armour
 b - a +0 animal skin (worn)
Scrolls
 a - a scroll of holy word {unknown}
 c - a scroll of teleportation {unknown}
 e - 4 scrolls of identify {unknown}
 f - a scroll of magic mapping {unknown}
 i - 2 scrolls of summoning {unknown}
 n - a scroll of blinking {unknown}
 p - a scroll of vulnerability {unknown}
Potions
 d - a potion of resistance {unknown}
 g - a potion of lignification {unknown}
 h - a potion of invisibility {unknown}
 l - 2 potions of might {unknown}
 m - a potion of curing {unknown}


   Skills:
 + Level 3.2 Fighting
 + Level 3.5 Maces & Flails
 + Level 1.0 Armour
 + Level 3.2 Dodging


You had 3 spell levels left.
You didn't know any spells.
Your spell library was empty.

Dungeon Overview and Level Annotations

Branches:
Dungeon (3/15)

Altars:


Innate Abilities, Weirdness & Mutations

You are too large for most types of armour.
You have claws for hands.
Your natural rate of healing is unusually fast.
You are covered in fur. (AC +1)
You have tough skin. (AC +1)


Message History

The gnoll is almost dead.
The gnoll misses you.
You hit the gnoll.
You kill the gnoll!
Trog accepts your kill.
No target in view!
No target in view!
You start resting.
HP restored.
You can't go down here!
You climb upwards.
The gnoll hits you from afar with a +2 vampiric halberd!
There is a stone staircase leading down, spattered with blood here.
The gnoll barely misses you.
You hit the gnoll.
The gnoll is heavily wounded.
The gnoll hits you with a +2 vampiric halberd.
The gnoll draws strength from your wounds!
You sock the gnoll!
The gnoll is almost dead.
The gnoll barely misses you.
You barely miss the gnoll.
The gnoll is almost dead.
The gnoll closely misses you.
You barely miss the gnoll.
The gnoll is almost dead.
The gnoll hits you with a +2 vampiric halberd!
You are too injured to fight recklessly!
You hit the gnoll.
The gnoll is almost dead.
The gnoll hits you with a +2 vampiric halberd!
* * * LOW HITPOINT WARNING * * *
The gnoll draws strength from your wounds!
The gnoll hits you with a +2 vampiric halberd!
* * * LOW HITPOINT WARNING * * *
The gnoll draws strength from your wounds!
You closely miss the gnoll.
The gnoll is severely wounded.
The gnoll hits you with a +2 vampiric halberd!
You die...

## .. # ###### .#
#######....# .#
#..........# .#
..#.#.#.#..# ######.#
#..........###......#
#.#.#.#.#......g@>.# #
..........####.###.###..#
#.#.#.#.#)##...........##
#.........(.......#######..
#.#.#.#.#.##.#.##.#
#..........#.#.##.#
...........#...##.#
########.########## #.#


You could see a gnoll.

Vanquished Creatures
  3 gnolls
  5 adders
  3 worms
  4 orcs (D:3)
  5 bats
  2 endoplasms (D:3)
  A giant cockroach (D:1)
  3 goblins
  A hobgoblin (D:3)
  2 quokkas (D:1)
  7 ball pythons
  3 frilled lizards
  7 kobolds
  5 rats
51 creatures vanquished.

Notes
Turn   | Place    | Note
-------+----------+-------------------------------------------
     0 | D:1      | siradein the Troll Berserker began the quest for the Orb.
     0 | D:1      | Reached XP level 1. HP: 22/22 MP: 0/0
   315 | D:1      | Reached XP level 2. HP: 28/29 MP: 1/1
   656 | D:2      | Reached XP level 3. HP: 30/36 MP: 2/2
   798 | D:2      | Reached ** piety under Trog
   818 | D:2      | You fall into a shaft and drop 1 floor!
  1223 | D:3      | Reached XP level 4. HP: 41/45 MP: 3/3
  1876 | D:2      | Reached skill level 1 in Armour
  1928 | D:2      | HP: 2/45 [gnoll (7)]
  1929 | D:2      | Slain by a gnoll

Illustrated notes

Levels and vault maps discovered:
D:1:      dpeg_arrival_houses_and_road, layout_basic, grunt_decor_resistance
D:2:      layout_loops_ring, ebering_ecumenical_altar_abandoned,
          serial_co_window_serial, co_window_corner_a, co_window_paths_a,
          co_window_of_opportunity_a, co_window_of_opportunity_a,
          co_window_paths_b, co_window_2corner, co_window_broadway_c,
          co_window_broadway_a, co_window_corner_ca, co_window_sun,
          glass_columns_c, glass_columns_c, glass_columns_c, glass_columns_a,
          minmay_tromino_v4_a
D:3:      kennysheep_six_static_rooms, layout_loops_cross, minmay_unequal

Skill      XL: |  1  2  3  4 |
---------------+-------------+-----
Maces & Flails | 3 |  3.5
Dodging        | 3 |  3.2
Fighting       | 3 |  3.2
Armour         | 1 |  1.0

Action                   |  1- 3 |  4- 6 || total
-------------------------+-------+-------++-------
Melee: Mace              |    94 |       ||    94
       Punch             |     1 |       ||     1
       Quarterstaff      |    18 |    83 ||   101
Armor: Animal skin       |    69 |    15 ||    84
Dodge: Dodged            |    79 |    36 ||   115

Table legend: (Time is in decaauts)
 A = Elapsed time spent in this place.
 B = Non-inter-level travel time spent in this place.
 C = Inter-level travel time spent in this place.
 D = Time resting spent in this place.
 E = Time spent auto-exploring this place.
 F = Levels seen in this place.
 G = Mean time per level.
                   A        B        C        D        E       F      G
               +--------+--------+--------+--------+--------+-----+--------+
         Total |   1976 |   1957 |     19 |      3 |   1427 |   3 |  658.7 |
       Dungeon |   1976 |   1957 |     19 |      3 |   1427 |   3 |  658.7 |
               +--------+--------+--------+--------+--------+-----+--------+

Top non-repeatable levels by time:
     D:3: 914 daAuts
     D:1: 655 daAuts
     D:2: 405 daAuts
